 Dungeon Crawl Stone Soup version 0.14.1-19-g9964f44 (webtiles) character file.

377 Kae the Insei (level 5, 0/40 HPs)
             Began as a Draconian Transmuter on June 5, 2014.
             Was an Initiate of Sif Muna.
             Killed by divine providence
             ... invoked by an orc priest
              (11 damage)
             ... on Level 4 of the Dungeon.
             The game lasted 00:07:59 (4100 turns).

Kae the Insei (Draconian Transmuter)                Turns: 4100, Time: 00:08:01

HP   0/40        AC  7     Str 12      XL: 5   Next: 22%
MP   0/9         EV 12     Int 14      God: Sif Muna [......]
Gold 212         SH  0     Dex 12      Spells:  3 memorised,  2 levels left

rFire  . . .     SeeInvis .       - Unarmed
rCold  . . .     Clarity  .     (armour unavailable)
rNeg   . . .     Conserve .     (no shield)
rPois  .         rCorr    .     (helmet restricted)
rElec  .         rRot     .     (no cloak)
SustAb . .       Spirit   .     g - +1 pair of gloves
rMut   .         Warding  .     (no boots)
Saprov . . .     Stasis   .     (no amulet)
MR     .....                    (no ring)
                                (no ring)

@: about to teleport, very slightly contaminated, not resistant to hostile
enchantments, unstealthy
A: unfitting armour, AC +5
a: Renounce Religion


You were on level 4 of the Dungeon.
You worshipped Sif Muna.
Sif Muna was noncommittal.
You were very hungry.

You visited 2 branches of the dungeon, and saw 5 of its levels.

You collected 212 gold pieces.

Inventory:

Missiles
 b - 12 arrows
Armour
 g - a +1 pair of gloves (worn)
Comestibles
 a - 4 bread rations
 q - a meat ration
 A - a choko
Scrolls
 f - 3 scrolls of identify
 h - 3 scrolls of remove curse
 i - a scroll of fog
 j - 2 scrolls of recharging
 o - a scroll of magic mapping
 p - a scroll of random uselessness
 t - 2 scrolls of enchant armour
 u - a scroll of teleportation
 y - a scroll of enchant weapon II {unknown}
 z - a scroll of enchant weapon I {unknown}
Jewellery
 w - a cursed ring of teleportation {unknown}
Potions
 c - a potion of flight
 e - a potion of curing
 k - 3 potions of lignification {unknown}
 l - a potion of restore abilities {unknown}
 m - 3 potions of agility {unknown}
 n - a potion of might {unknown}
 r - a potion of heal wounds {unknown}
 s - a potion of mutation {unknown}
 v - a potion of poison {unknown}
Books
 d - a book of Changes

   Spells                             Type                      Level
   *Beastly Appendage                 Transmutation                1
   *Sticks to Snakes                  Transmutation                2
   *Spider Form                       Transmutation/Poison         3
   Ice Form                           Ice/Transmutation            4
   Blade Hands                        Transmutation                5
 x - a book of the Warp

   Spells                             Type                      Level
   Control Teleport                   Charms/Translocation         4
   Phase Shift                        Translocation                5
   Warp Weapon                        Charms/Translocation         5
   Summon Forest                      Summoning/Translocation      5
   Dispersal                          Translocation                6
   Controlled Blink                   Translocation                7
   Disjunction                        Translocation                8


   Skills:
 - Level 1.1 Fighting
 - Level 1.7 Dodging
 * Level 5.2 Unarmed Combat
 - Level 2.0 Spellcasting
 + Level 3.4 Transmutations


You had 2 spell levels left.
You knew the following spells:

 Your Spells              Type           Power        Failure   Level  Hunger
a - Beastly Appendage     Trmt           ##....       10%         1    ##.....
b - Sticks to Snakes      Trmt           ##........   12%         2    ###....
c - Spider Form           Trmt/Pois      #.........   38%         3    ####...


Dungeon Overview and Level Annotations

Branches:
Dungeon (4/15)             Temple (1/1) D:4

Altars:
Ashenzari
Cheibriados
Dithmenos
Elyvilon
Kikubaaqudgha
Nemelex Xobeh
Sif Muna
Trog
Vehumet
Xom
Yredelemnul
Zin
The Shining One


Message History

The orc wizard blinks!
Casting: Spider Form
Confirm with . or Enter, or press ? or * to list all spells.
You miscast Beastly Appendage.
Waves of light ripple over your body. The orc wizard casts a spell at you.
The magic dart hits you!
The orc priest invokes the aid of Beogh against you.
Something smites you! The orc hits you with a hand axe.
The orc wizard hits you but does no damage.
Drink which item? (? for menu, Esc to quit)
Okay, then.
Read which item? (? for menu, Esc to quit)
As you read the scroll of teleportation, it crumbles to dust.
You feel strangely unstable.
The orc wizard points at you and mumbles some strange words.
The magic dart hits you!
* * * LOW HITPOINT WARNING * * *
The orc priest calls down the wrath of Beogh upon you.
Something smites you!
You die...

.# #(..<)....# .#
#.........# .#
#.........# ##
##......###
#.....## #.....#
#############..#.##
........o(......#.#
#######@########.#
#o# #.# #o# #.# #o#
#.# #.# #.# #o# #.#
#.# #.# #.# #.# #.#


You could see an orc priest, an orc wizard and 3 orcs.

Vanquished Creatures
  A worker ant (D:3)
  3 adders
  2 gnolls
  2 worms (D:3)
  A giant eyeball (D:4)
  2 giant geckos
  4 orcs
  2 ball pythons
  3 giant cockroaches
  9 hobgoblins
  3 jackals (D:3)
  11 kobolds
  9 bats
  2 giant newts (D:1)
  10 goblins
  11 rats
  14 toadstools (D:1)
89 creatures vanquished.

Notes
Turn   | Place    | Note
--------------------------------------------------------------
     0 | D:1      | Kae, the Draconian Transmuter, began the quest for the Orb.
     0 | D:1      | Reached XP level 1. HP: 16/16 MP: 3/3
   649 | D:1      | Reached XP level 2. HP: 18/23 MP: 4/4
  1492 | D:2      | Reached XP level 3. HP: 23/28 MP: 6/6
  1716 | D:2      | Reached skill level 4 in Unarmed Combat
  2759 | D:3      | Reached XP level 4. HP: 28/35 MP: 7/7
  3429 | D:3      | Reached skill level 5 in Unarmed Combat
  3521 | D:3      | Reached XP level 5. HP: 36/40 MP: 9/9
  3665 | D:4      | Paralysed by a giant eyeball for 3 turns
  3802 | D:4      | Learned a level 2 spell: Sticks to Snakes
  3806 | D:4      | Learned a level 3 spell: Spider Form
  3854 | D:4      | Found a staircase to the Ecumenical Temple.
  3922 | Temple   | Entered the Ecumenical Temple
  3984 | Temple   | Became a worshipper of Sif Muna the Loreminder
  4100 | D:4      | Killed from afar by an orc priest

Action                   |  1- 3 |  4- 6 || total
-------------------------+-------+-------++-------
Melee: Unarmed           |   197 |   101 ||   298
 Cast: Beastly Appendage |    10 |     5 ||    15
  Use: Scroll            |     8 |     2 ||    10
       Potion            |       |     1 ||     1
 Stab: Sleeping          |       |     1 ||     1
